cohdb
Replays
Latest Replays
All Replays
Popular Replays
Top Player Replays
Match Explorer
How It Works
Community
CoH3 Stats
Reddit
Sign in to upload your games and track your stats! →
Sign in with Steam
Match 45096429
Unlisted
Match 45096429
Overview
Messages
Build Orders
End
Scout Squad
Construct Barracks
Riflemen Squad
Riflemen Squad
Riflemen Squad
Infantry Support Center
Grenade Package
Selects Special Operations Battlegroup
Selects M29 Weasel Recon Vehicle
M29 Weasel Recon Vehicle
Construct Weapon Support Center
M3 Armored Personnel Carrier
Selects Smoke Screen
Selects SSF Commando Squad
Construct Medical Station
Engineer Squad
Selects Air Re-supply Operation
Air Re-Supply Operation
Monsieur Nathan
Nikname2303
0
0
Comments
sign in to comment!
No comments posted yet!